 Dungeon Sprint DCSS version 0.18-a0-1426-g3b9a63c (webtiles) character file.

183 chei the Tainter (level 5, -9/46 HPs)
             Began as a Naga Venom Mage on Feb 27, 2016.
             Was a Believer of Cheibriados.
             Mangled by a four-headed hydra (12 damage)
             ... in the Dungeon (Sprint IX: "|||||||||||||||||||||||||||||").
             The game lasted 00:05:31 (792 turns).

chei the Tainter (Naga Venom Mage)                   Turns: 792, Time: 00:05:32

Health: -9/46      AC:  4    Str: 18    XL:     5   Next: 62%
Magic:  1/10       EV: 14    Int: 20    God:    Cheibriados [**....]
Gold:   0          SH:  0    Dex: 15    Spells: 3 memorised, 2 levels left

rFire  . . .     SeeInvis +     q - +2 rapier (distort)
rCold  . . .     Gourm    .     a - +0 robe
rNeg   . . .     Faith    .     (no shield)
rPois  +         Spirit   .     m - +0 helmet
rElec  .         Dismiss  .     p - +0 cloak
rCorr  .         Reflect  .     (no gloves)
SustAt .         Harm     .     (no barding)
MR     .....     NoTele   +     (no amulet)
Stlth  +++.......               o - +2 ring of evasion
                                n - +3 ring of strength

@: very slightly contaminated, invisible, very slow, not resistant to hostile
enchantments, fairly stealthy
A: see invisible, deformed body, poison resistance, slowness 2, slow metabolism
1, spit poison 2, AC +1
a: Spit Poison, Bend Time, Renounce Religion


You were in the Dungeon.
You worshipped Cheibriados.
Cheibriados was pleased with you.
You were hungry.

You visited 1 branch

Inventory:

Hand Weapons
 q - a +2 rapier of distortion (weapon)
Armour
 a - a +0 robe (worn)
 l - a +1 chain mail
 m - a +0 helmet (worn)
 p - a +0 cloak (worn)
Magical Staves
 r - an uncursed staff of energy
Jewellery
 n - a +3 ring of strength (left hand)
 o - a +2 ring of evasion (right hand)
Wands
 k - a wand of iceblast (7/15)
Scrolls
 h - 3 scrolls of remove curse
 i - 2 scrolls of amnesia
 j - a scroll of blinking
Potions
 e - 2 potions of heal wounds
 f - 3 potions of curing
 g - 4 potions of magic
Books
 b - a Young Poisoner's Handbook

   Spells                             Type                      Level
   a - Sting                          Conjuration/Poison           1
   b - Cure Poison                    Poison                       2
   c - Mephitic Cloud                 Conjuration/Poison/Air       3
   d - Olgreb's Toxic Radiance        Poison                       4
   e - Venom Bolt                     Conjuration/Poison           5
Comestibles
 c - a bread ration


   Skills:
 + Level 2.6 Fighting
 + Level 1.3 Short Blades
 + Level 4.6 Dodging
 - Level 4.2 Stealth
 + Level 3.8 Spellcasting
 + Level 2.0 Conjurations
 * Level 11.1 Poison Magic


You had 2 spell levels left.
You knew the following spells:

 Your Spells              Type           Power        Failure   Level  Hunger
a - Sting                 Conj/Pois      ####         1%          1    None
b - Venom Bolt            Conj/Pois      ####......   24%         5    ######.
c - Mephitic Cloud        Conj/Pois/Air  ###.....     10%         3    ###....


Dungeon Overview and Level Annotations

Branches:
Dungeon (1/1)

Altars:
Cheibriados
Dithmenos
Elyvilon
Fedhas
Gozag
Kikubaaqudgha
Makhleb
Nemelex Xobeh
Okawaru
Pakellas
Qazlal
Ru
Sif Muna
Trog
Vehumet
Xom
Yredelemnul
Zin
The Shining One
Beogh
Jiyva
Lugonu


Innate Abilities, Weirdness & Mutations

You cannot wear boots.
Your serpentine skin is tough (AC +1).
You have supernaturally acute eyesight.
Armour fits poorly on your strangely shaped body.
Your system is resistant to poisons.
You cover ground very slowly.
You have a slow metabolism.
You can spit poison.


Message History

The four-headed hydra bites you!
The four-headed hydra bites you but does no damage.
The four-headed hydra closely misses you.
The four-headed hydra barely misses you.
The orc warrior is engulfed in noxious fumes.
The orc warrior appears confused.
The orc warrior hits the wraith with a flail.
The orc warrior is engulfed in noxious fumes.
The orc warrior appears confused.
The four-headed hydra completely misses you.
The four-headed hydra misses you. x2; The four-headed hydra bites you.
The orc warrior hits the basilisk with a flail!!
Unknown command.
The flow of time bends around you.
The four-headed hydra easily resists.
You feel slightly more hungry.
The four-headed hydra closely misses you. x2
The four-headed hydra bites you!
* * * LOW HITPOINT WARNING * * *
The four-headed hydra bites you!
You die... ▓▓▓▓▓▓▓▓▓▓▓▓▓▓▓▓▓▓▓▓▓▓▓▓▓▓ +...oloWD@....'÷....)...'_ ▓▓▓▓▓▓▓▓▓▓▓▓▓▓▓▓▓▓▓▓▓▓▓▓▓▓

You could see a four-headed hydra, a basilisk (wandering), a wraith, an orc warrior (confused) and an orc wizard (invisible).

Vanquished Creatures
  A giant frog (D)
  A wight (D)
  A crimson imp (D)
  A hound (D)
  2 orcs (D)
  A bat skeleton (D)
  A jackal (D)
  A quokka (D)
  3 giant newts (D)
  2 rats (D)
14 creatures vanquished.

Notes
Turn   | Place    | Note
--------------------------------------------------------------
     0 | D        | chei the Naga Venom Mage began the quest for the Orb.
     0 | D        | Reached XP level 1. HP: 15/15 MP: 3/3
    13 | D        | Reached skill level 6 in Poison Magic
   234 | D        | Noticed a hound
   234 | D        | Noticed a crimson imp
   260 | D        | Reached XP level 2. HP: 14/22 MP: 1/5
   262 | D        | Found a glowing silver altar of Zin.
   262 | D        | Found a glowing golden altar of the Shining One.
   262 | D        | Found an ancient bone altar of Kikubaaqudgha.
   262 | D        | Found a basalt altar of Yredelemnul.
   262 | D        | Found a shimmering altar of Xom.
   262 | D        | Found a radiant altar of Vehumet.
   263 | D        | Found an iron altar of Okawaru.
   265 | D        | Found a burning altar of Makhleb.
   266 | D        | Found a deep blue altar of Sif Muna.
   267 | D        | Found a bloodstained altar of Trog.
   268 | D        | Found a sparkling altar of Nemelex Xobeh.
   269 | D        | Found a white marble altar of Elyvilon.
   270 | D        | Found a roughly hewn altar of Beogh.
   271 | D        | Found a viscous altar of Jiyva.
   273 | D        | Found a corrupted altar of Lugonu.
   275 | D        | Found a blossoming altar of Fedhas.
   276 | D        | Found a snail-covered altar of Cheibriados.
   277 | D        | Found a shadowy altar of Dithmenos.
   278 | D        | Reached skill level 8 in Poison Magic
   278 | D        | Reached XP level 3. HP: 12/30 MP: 2/7
   279 | D        | Found a stormy altar of Qazlal.
   280 | D        | Found an opulent altar of Gozag.
   281 | D        | Found a sacrificial altar of Ru.
   282 | D        | Found an oddly glowing altar of Pakellas.
   286 | D        | Reached skill level 1 in Fighting
   314 | D        | Reached skill level 1 in Conjurations
   314 | D        | Reached skill level 9 in Poison Magic
   314 | D        | Reached XP level 4. HP: 38/38 MP: 2/8
   395 | D        | Became a worshipper of Cheibriados the Contemplative
   488 | D        | Noticed a yak
   488 | D        | Noticed a giant frog
   508 | D        | Killed a giant frog
   508 | D        | Reached skill level 10 in Poison Magic
   508 | D        | Reached XP level 5. HP: 24/45 MP: 8/10
   509 | D        | Reached * piety under Cheibriados
   763 | D        | Learned a level 5 spell: Venom Bolt
   767 | D        | Learned a level 3 spell: Mephitic Cloud
   781 | D        | Noticed a four-headed hydra
   781 | D        | Noticed a basilisk
   781 | D        | Noticed an orc warrior
   781 | D        | Noticed a wraith
   785 | D        | Reached ** piety under Cheibriados
   785 | D        | Reached skill level 1 in Short Blades
   785 | D        | Reached skill level 11 in Poison Magic
   792 | D        | Mangled by a four-headed hydra

Vault maps used:
D:        linesprint

Skill      XL: |  1  2  3  4  5 |
---------------+----------------+-----
Poison Magic   | 6 8 9 10 11 | 11.1
Dodging        | 2 4 |  4.6
Fighting       | 1 2 |  2.6
Stealth        | 4 |  4.2
Spellcasting   | 3 |  3.8
Conjurations   | 1 2 |  2.0
Short Blades   | 1 |  1.3

Action                   |  1- 3 |  4- 6 || total
-------------------------+-------+-------++-------
Melee: Unarmed           |    11 |       ||    11
       Rapier            |       |    25 ||    25
 Cast: Sting             |     9 |       ||     9
       Mephitic Cloud    |       |     1 ||     1
Invok: Bend Time         |       |     1 ||     1
 Abil: Spit Poison       |    11 |     2 ||    13
  Use: Potion            |     4 |     2 ||     6
       Scroll            |     1 |       ||     1
 Stab: Sleeping          |       |     1 ||     1
